 Dungeon Crawl Stone Soup version 0.30-a0-728-gc68057be0a (webtiles) character file.

Game seed: 11005440976401199738

160 Conn the Magician (level 5, 0/28 HPs)
             Began as a Deep Elf Fire Elementalist on Jan 31, 2023.
             Slain by an orc
             ... wielding a +0 vampiric falchion
              (6 damage)
             ... on level 4 of the Dungeon.
             The game lasted 00:05:08 (2825 turns).

Conn the Magician (Deep Elf Fire Elementalist)      Turns: 2825, Time: 00:05:09

Health: 0/28       AC:  2    Str:  5    XL:     5   Next: 17%
Magic:  0/14       EV: 13    Int: 22    God:
Gold:   196        SH:  0    Dex: 15    Spells: 8/14 levels left

rFire   . . .      SeeInvis .    i - staff of poison
rCold   . . .      Faith    .    (no shield)
rNeg    . . .      Spirit   .    a - +0 robe
rPois   +          Reflect  .    (no helmet)
rElec   .          Harm     .    (no cloak)
rCorr   .          Rampage  .    (no gloves)
Will    .....                    (no boots)
Stlth   ++                       (no amulet)
HPRegen 0.24/turn                (no ring)
MPRegen 0.14/turn                (no ring)

@: no status effects
A: no striking features
a: no special abilities


You were on level 4 of the Dungeon.
You visited 1 branch of the dungeon, and saw 4 of its levels.

You collected 196 gold pieces.

Inventory:

Hand Weapons
 c - a +1 dagger
Missiles
 e - 7 poisoned darts
Armour
 a - a +0 robe (worn)
Magical Staves
 d - a staff of air
 i - a staff of poison (weapon)
Scrolls
 f - 3 scrolls of identify
 j - a scroll of blinking
Potions
 b - a potion of magic
 g - 2 potions of flight
 h - a potion of mutation
 k - a potion of might {unknown}
 m - a potion of cancellation
 o - a potion of haste {unknown}


   Skills:
 + Level 3.0 Dodging
 + Level 2.8 Stealth
 * Level 5.3 Spellcasting
 * Level 2.1 Conjurations
 + Level 4.4 Fire Magic


You had 8 spell levels left.
You knew the following spells:

 Your Spells              Type           Power      Damage    Failure   Level
a - Foxfire               Conj/Fire      80%        2x1d8     2%          1
c - Inner Flame           Hex/Fire       15%        N/A       12%         3
e - Scorch                Fire           50%        2d7       2%          2

Your spell library contained the following spells:

 Spells                   Type           Power      Damage    Failure   Level
 Freeze                   Ice            20%        1d4       10%         1
 Sublimation of Blood     Necr           5%         N/A       16%         2
 Kindle Blastsparks       Fire/Tloc/Air  24%        2d12      16%         3
 Hailstorm                Conj/Ice       10%        3d5       19%         3
 Flame Wave               Conj/Fire      20%        2d7       26%         4
 Frozen Ramparts          Ice            10%        1d2       30%         3
 Petrify                  Tmut/Erth      5%         N/A       69%         4
 Irradiate                Conj/Tmut      5%         3d13      86%         5


Dungeon Overview and Level Annotations

Branches:
Dungeon (4/15)
 Temple: D:4-7

Altars:
Hepliaklqana


Message History

The orc hits you with a +1 whip of venom.
You hit the orc but do no damage.
The orc is almost dead.
The orc hits you with a +1 whip of venom.
Casting: Foxfire (safe; 2% risk of failure)
Confirm with . or Enter, or press ? or * to list all spells.
You conjure some foxfire!
The orc hits you with a +1 whip of venom.
The orc hits you with a +0 vampiric falchion.
The orc attacks as you move away!
The orc hits you with a +1 whip of venom.
* * * LOW HITPOINT WARNING * * *
The foxfire hits the orc.
You kill the orc!
The foxfire hits the orc.
The orc is heavily wounded.
It was a potion of flight.
You feel very buoyant.
You fly up into the air.
The orc hits you with a +0 vampiric falchion.
* * * LOW HITPOINT WARNING * * *
It was a potion of cancellation.
Your magical effects are unravelling.
You feel magically purged.
You float gracefully downwards.
The orc closely misses you.
Okay, then.
Unknown command.
You aren't carrying any items that you can evoke.
Unknown command.
Unknown command.
Unknown command.
Unknown command.
Unknown command.
You closely miss the orc.
The orc is heavily wounded.
The orc hits you with a +0 vampiric falchion.
* * * LOW HITPOINT WARNING * * *
The orc draws strength from your wounds!
The orc hits you with a +0 vampiric falchion.
You die...

#.##...##
##########.###..(.
#..........# #.###
#.########## #.#
#.# #+# #.# #.####
#..#.##
#######@#...####
.......o...†...'
##.##.#)....###
#...)..## #.#....#
#.##.#.# # #.#.#
..#.# .## #


You could see an orc.

Vanquished Creatures
  A scorpion (D:4)
  An orc priest (D:4)
  A gnoll (D:1)
  An adder (D:3)
  2 worms
  A dart slug (D:4)
  2 orcs (D:4)
  4 ball pythons
  3 endoplasms
  2 giant cockroaches (D:1)
  6 goblins
  5 hobgoblins
  3 kobolds
  A quokka (D:2)
  4 bats
  A frilled lizard (D:1)
  5 rats
43 creatures vanquished.

Vanquished Creatures (others)
  159 foxfires
159 creatures vanquished.

Grand Total: 202 creatures vanquished

Notes
Turn   | Place    | Note
-------+----------+-------------------------------------------
     0 | D:1      | Conn the Deep Elf Fire Elementalist began the quest for the
                  | Orb.
     0 | D:1      | Reached XP level 1. HP: 10/10 MP: 6/6
   124 | D:1      | Reached XP level 2. HP: 15/15 MP: 4/8
   904 | D:1      | Reached XP level 3. HP: 19/19 MP: 5/9
  1082 | D:1      | Learned a level 2 spell: Scorch
  1086 | D:1      | Learned a level 3 spell: Inner Flame
  2226 | D:3      | Reached skill level 4 in Spellcasting
  2692 | D:4      | Found a hazy altar of Hepliaklqana.
  2692 | D:4      | Noticed a scorpion
  2698 | D:4      | Killed a scorpion
  2699 | D:4      | Reached XP level 4. HP: 24/24 MP: 4/12
  2813 | D:4      | Reached skill level 5 in Spellcasting
  2813 | D:4      | Reached XP level 5. HP: 26/28 MP: 5/14
  2825 | D:4      | Slain by an orc

Illustrated notes

Levels and vault maps discovered:
D:1:      dpeg_arrival_radiant, layout_basic, minmay_hexomino_u4
D:2:      layout_loops_corners, kennysheep_generic_room_15
D:3:      layout_rooms
D:4:      layout_loops_corners, mainiacjoe_overflow_chevrons,
          minmay_temple_entry_slanted

Skill      XL: |  1  2  3  4 |
---------------+-------------+-----
Fire Magic     | 4 |  4.4
Spellcasting   | 4 5 |  5.3
Conjurations   | 2 |  2.1
Dodging        | 3 |  3.0
Stealth        | |  2.8

Action                     |  1- 3 |  4- 6 || total
---------------------------+-------+-------++-------
  Melee: Staff             |     6 |     5 ||    11
   Cast: Foxfire           |    86 |     8 ||    94
         Scorch            |     2 |     3 ||     5
    Use: Scroll            |     8 |       ||     8
         Potion            |       |     2 ||     2
 Armour: Robe              |     1 |       ||     1
  Dodge: Dodged            |    12 |     2 ||    14

Table legend: (Time is in decaauts)
 A = Elapsed time spent in this place.
 B = Non-inter-level travel time spent in this place.
 C = Inter-level travel time spent in this place.
 D = Time resting spent in this place.
 E = Time spent auto-exploring this place.
 F = Levels seen in this place.
 G = Mean time per level.
                   A        B        C        D        E       F      G
               +--------+--------+--------+--------+--------+-----+--------+
         Total |   2824 |   2763 |     61 |      0 |   2239 |   4 |  706.0 |
       Dungeon |   2824 |   2763 |     61 |      0 |   2239 |   4 |  706.0 |
               +--------+--------+--------+--------+--------+-----+--------+

Top non-repeatable levels by time:
     D:1: 1092 daAuts
     D:2: 931 daAuts
     D:3: 609 daAuts
     D:4: 191 daAuts
